 Dungeon Crawl Stone Soup version 0.30-a0-385-gfebfb9b408 (webtiles) character file.

Game seed: 1360342410821495794

1784 ragingrage the Skirmisher (level 8, -4/39 HPs)
             Began as a Spriggan Hunter on Dec 2, 2022.
             Killed by divine providence
             ... invoked by an orc priest
              (13 damage)
             ... on level 8 of the Dungeon.
             The game lasted 00:06:47 (5781 turns).

ragingrage the Skirmisher (Spriggan Hunter)         Turns: 5781, Time: 00:06:48

Health: -4/39      AC:  5    Str:  7    XL:     8   Next: 81%
Magic:  9/9        EV: 18    Int: 10    God:
Gold:   260        SH:  0    Dex: 21    Spells: 7/7 levels left

rFire   + . .      SeeInvis +    a - +0 shortbow
rCold   + . .      Faith    .    (shield currently unavailable)
rNeg    . . .      Spirit   .    c - +0 robe
rPois   +          Reflect  .    (helmet restricted)
rElec   +          Harm     .    w - +2 cloak {Stlth+}
rCorr   +          Rampage  .    (gloves unavailable)
Will    +....                    (boots unavailable)
Stlth   +++.......               (no amulet)
HPRegen 0.26/turn                (no ring)
MPRegen 0.11/turn                (no ring)

@: resistant, very quick
A: very small, no large weapons, unfitting armour, see invisible, speed 3
a: no special abilities


You were on level 8 of the Dungeon.
You visited 1 branch of the dungeon, and saw 8 of its levels.
You also visited: Sewer.

You collected 260 gold pieces.

Inventory:

Hand Weapons
 a - a +0 shortbow (weapon)
Armour
 c - a +0 robe (worn)
 w - a +2 cloak of stealth (worn)
Wands
 u - a wand of acid (11)
 y - a wand of flame (24)
Scrolls
 b - 2 scrolls of immolation
 d - 3 scrolls of noise
 f - 5 scrolls of identify
 g - a scroll of silence {unknown}
 h - a scroll of fog {unknown}
 n - a scroll of poison {unknown}
 o - a scroll of magic mapping {unknown}
 q - a scroll of teleportation {unknown}
 r - a scroll of summoning
 v - a scroll of amnesia {unknown}
 z - a scroll of fear {unknown}
 A - a scroll of blinking {unknown}
Potions
 e - 2 potions of cancellation {unknown}
 i - a potion of heal wounds
 j - 3 potions of lignification
 k - 3 potions of curing
 l - 4 potions of magic
 m - 2 potions of brilliance
 p - a potion of resistance
 s - 3 potions of haste {unknown}
 t - 3 potions of mutation {unknown}
 x - a potion of berserk rage {unknown}


   Skills:
 - Level 1.8 Fighting
 + Level 11.9 Ranged Weapons
 - Level 3.1 Dodging
 - Level 2.2 Stealth


You had 7 spell levels left.
You didn't know any spells.
Your spell library contained the following spells:

 Spells                   Type           Power      Damage    Failure   Level
 Magic Dart               Conj           0%         1d3       36%         1
 Call Imp                 Summ           0%         N/A       50%         2
 Mephitic Cloud           Conj/Pois/Air  0%         N/A       75%         3
 Vhi's Electric Charge    Tloc/Air       0%         N/A       75%         3
 Arcjolt                  Conj/Air       0%         1d10      100%        5
 Maxwell's Capacitive Co  Air            0%         ∞         100%        8


Dungeon Overview and Level Annotations

Branches:
Dungeon (8/15)              Sewer (visited)
 Temple: D:4-7         Lair: D:8-11

Altars:
Xom

Annotations:
D:4 2 runed translucent doors, Edmund; PyroL's ghost, amateur DsNe


Innate Abilities, Weirdness & Mutations

You are very small and have problems with some larger weapons.
You are too small for most types of armour.
You have supernaturally acute eyesight. (SInv)
You cover ground extremely quickly. (Speed+++)


Message History

You shoot an arrow. The arrow barely misses the kobold.
The arrow hits the kobold.
You kill the kobold!
The orc priest invokes the aid of Beogh against you.
Beogh smites you!
The kobold hits you with a +0 short sword.
You shoot an arrow. The arrow completely misses the kobold.
The orc priest invokes the aid of Beogh against you.
Beogh smites you!
* * * LOW HITPOINT WARNING * * *
The kobold misses you.
You shoot an arrow. The arrow misses the kobold.
The orc hits you with a +0 dagger.
* * * LOW HITPOINT WARNING * * *
The orc priest calls upon Beogh to heal the orc priest.
The orc priest is healed somewhat.
The kobold closely misses you.
You feel much better. The orc misses you. The kobold closely misses you.
It was a potion of resistance.
You feel protected. The orc hits you with a +0 dagger.
The orc priest calls upon Beogh to heal the orc priest.
The orc priest's wounds heal themselves!
The kobold closely misses you.
You shoot an arrow. The arrow hits the kobold.
You kill the kobold!
The orc priest mumbles some strange prayers to Beogh against you.
Beogh smites you!
* * * LOW HITPOINT WARNING * * *
Things that are here:
a +0 short sword; 4 stones Fire: a) +0 shortbow
Press: ? - help, Q - select action, (/) - cycle Shift-Dir - straight line, f - orc
Aim: an orc, wielding a +0 dagger (67% to hit)
Okay, then.
Things that are here:
a +0 whip; a stone
There is a stone staircase leading up here.
The orc priest calls down the wrath of Beogh upon you.
Beogh smites you!
You die...

#.#.#
#.#..
#o###
#..#
##.#
#o# #)#
#o# #@#
#.#
#)....#
#..####
#..#
#..#
#).#
#).#
....


You could see 2 orc priests and an orc.

Vanquished Creatures
  3 water moccasins
  An ice beast (D:5)
  2 ogres (D:6)
  A phantom (D:2)
  3 necrophages
  2 howler monkeys (D:7)
  6 jellies
  Crazy Yiuf (D:5)
  4 hounds
  4 iguanas
  Natasha (D:4)
  An orc wizard (D:4)
  Robin (D:2)
  4 gnolls (D:4)
  11 adders
  4 river rats
  2 white imps
  4 ufetubi
  A worm (Sewer)
  4 dart slugs
  14 orcs
  21 endoplasms
  3 giant cockroaches
  18 goblins
  9 hobgoblins
  6 kobolds
  7 quokkas
  10 ball pythons
  2 bats
  3 frilled lizards
  7 rats
160 creatures vanquished.

Vanquished Creatures (collateral kills)
  An orc priest (D:5)
1 creature vanquished.

Grand Total: 161 creatures vanquished

Notes
Turn   | Place    | Note
-------+----------+-------------------------------------------
     0 | D:1      | ragingrage the Spriggan Hunter began the quest for the Orb.
     0 | D:1      | Reached XP level 1. HP: 10/10 MP: 2/2
   357 | D:1      | Reached XP level 2. HP: 15/15 MP: 3/3
  1054 | D:2      | Noticed a phantom
  1092 | D:2      | Killed a phantom
  1093 | D:2      | Reached skill level 5 in Ranged Weapons
  1093 | D:2      | Reached XP level 3. HP: 7/18 MP: 4/4
  1093 | D:2      | Reached XP level 4. HP: 9/23 MP: 5/5
  1478 | D:2      | Reached skill level 6 in Ranged Weapons
  1478 | D:2      | Reached XP level 5. HP: 26/26 MP: 6/6
  1528 | D:2      | Found a faded altar of an unknown god.
  1532 | D:2      | Noticed Robin
  1538 | D:2      | Killed Robin
  2548 | D:4      | Reached skill level 7 in Ranged Weapons
  2548 | D:4      | Reached XP level 6. HP: 30/30 MP: 7/7
  2807 | D:4      | Found a large runed translucent door.
  2808 | D:4      | Found a large runed translucent door.
  2868 | D:4      | Noticed PyroL's ghost (amateur DsNe)
  2884 | D:4      | Noticed Natasha
  2889 | D:4      | Killed Natasha
  2982 | D:4      | Found a glowing drain.
  2986 | Sewer    | Entered a sewer
  3192 | Sewer    | Reached skill level 8 in Ranged Weapons
  3196 | Sewer    | Found a viscous altar of Jiyva.
  3215 | Sewer    | Reached XP level 7. HP: 34/34 MP: 8/8
  3729 | D:5      | Entered Level 5 of the Dungeon
  3730 | D:5      | Noticed Edmund
  3841 | D:5      | Reached skill level 9 in Ranged Weapons
  4696 | D:5      | Found a runed translucent door.
  4697 | D:5      | Noticed Crazy Yiuf
  4802 | D:5      | Killed Crazy Yiuf
  4803 | D:5      | Reached skill level 10 in Ranged Weapons
  4803 | D:5      | Reached XP level 8. HP: 39/39 MP: 9/9
  5045 | D:6      | Reached skill level 11 in Ranged Weapons
  5047 | D:6      | Found a shimmering altar of Xom.
  5781 | D:8      | Killed from afar by an orc priest

Illustrated notes

Levels and vault maps discovered:
D:1:      matt_arrival_grand_opening, layout_loops_cross,
          serial_co_window_serial, co_window_corner_a, co_window_paths_a,
          co_window_of_opportunity_a, co_window_of_opportunity_a,
          co_window_corner_a, co_window_paths_b, co_window_paths_b,
          co_window_paths_b, co_window_paths_b, co_window_broadway_c,
          co_window_broadway_a, co_window_corner_b
D:2:      layout_basic, hellmonk_ecumenical_altar_arch_garden, uniq_robin
D:3:      layout_basic, minmay_stone_trees_small
D:4:      layout_basic, ebering_ghost_disaster_area, gup_sewer_entry_bowl,
          uniq_natasha
D:5:      layout_basic, serial_curves, eino_curves_01, eino_curves_02,
          eino_curves_04, eino_curves_02, uniq_crazy_yiuf_cottage, uniq_edmund
D:6:      layout_cave_pools, lemuel_crystal_altar
D:7:      layout_layer_cave, minmay_temple_entry_gardened_gates
D:8:      layout_loops_ring, uniq_maggie, uniq_maurice, uniq_joseph

Skill      XL: |  1  2  3  4  5  6  7  8 |
---------------+-------------------------+-----
Stealth        | 2 |  2.2
Dodging        | 3 |  3.1
Ranged Weapons | 5 6 7 8 10 11 | 11.9
Fighting       | |  1.8

Action                   |  1- 3 |  4- 6 |  7- 9 || total
-------------------------+-------+-------+-------++-------
 Fire: Shortbow          |    70 |   251 |   256 ||   577
  Use: Potion            |     2 |       |     2 ||     4
       Scroll            |       |     5 |     1 ||     6
Armor: Skin              |     5 |       |       ||     5
       Robe              |     3 |     5 |    10 ||    18
Dodge: Dodged            |    28 |    58 |    87 ||   173

Table legend: (Time is in decaauts)
 A = Elapsed time spent in this place.
 B = Non-inter-level travel time spent in this place.
 C = Inter-level travel time spent in this place.
 D = Time resting spent in this place.
 E = Time spent auto-exploring this place.
 F = Levels seen in this place.
 G = Mean time per level.
                   A        B        C        D        E       F      G
               +--------+--------+--------+--------+--------+-----+--------+
         Total |   4042 |   3851 |    191 |    335 |   2311 |   9 |  449.1 |
       Dungeon |   3739 |   3548 |    191 |    285 |   2197 |   8 |  467.4 |
         Sewer |    302 |    302 |      0 |     50 |    114 |   1 |  302.0 |
               +--------+--------+--------+--------+--------+-----+--------+

Top non-repeatable levels by time:
     D:4: 846 daAuts
     D:1: 674 daAuts
     D:2: 575 daAuts
     D:5: 574 daAuts
     D:3: 417 daAuts
     D:6: 398 daAuts
   Sewer: 302 daAuts
     D:7: 148 daAuts
     D:8: 105 daAuts
